 Dungeon Crawl Stone Soup version 0.28-a0-773-g130ae17fe5 (webtiles) character file.

Game seed: 3786886592959215603

3271 Woods the Martial Artist (level 10, -7/68 (74) HPs)
             Began as a Gnoll Transmuter on Nov 1, 2021.
             Mangled by a wight (10 damage)
             ... on level 7 of the Dungeon.
             The game lasted 00:14:44 (9524 turns).

Woods the Martial Artist (Gnoll Transmuter)         Turns: 9524, Time: 00:14:44

HP:   -7/68 (74)    AC:  7    Str:  9    XL:     10   Next: 0%
MP:   20/20         EV: 14    Int: 17    God:
Gold: 1043          SH:  5    Dex: 12    Spells: 13/23 levels left

rFire   . . .      SeeInvis .     - Unarmed
rCold   . . .      Faith    .   (no shield)
rNeg    . . .      Spirit   .   r - +0 steam dragon scales
rPois   .          Reflect  +   (helmet restricted)
rElec   .          Harm     .   l - +0 cloak
rCorr   .          Rampage  .   (no gloves)
Will    .....                   (no boots)
Stlth   +++.......              y - amulet of reflection
HPRegen 0.21/turn               (no ring)
MPRegen 0.17/turn               (no ring)

@: drained, unable to read
A: fangs 1, strong nose, distributed training, antennae 1, deterioration 1,
inability to read while threatened
a: no special abilities


You were on level 7 of the Dungeon.
You visited 1 branch of the dungeon, and saw 7 of its levels.
You also visited: Sewer.

You collected 1043 gold pieces.

Inventory:

Armour
 a - a +0 robe
 l - a +0 cloak (worn)
 q - a +0 pair of gloves
 r - +0 steam dragon scales (worn)
 E - a +3 tower shield of protection
Jewellery
 d - a ring of ice
 y - an amulet of reflection (around neck)
 F - a ring of protection from fire
Wands
 h - a wand of acid (10)
 G - a wand of charming (7)
Scrolls
 b - 2 scrolls of enchant weapon {unknown}
 e - 2 scrolls of noise
 f - 2 scrolls of fog
 g - 3 scrolls of amnesia
 k - 2 scrolls of teleportation
 m - a scroll of torment {unknown}
 s - a scroll of brand weapon {unknown}
 u - a scroll of acquirement
 v - 2 scrolls of fear {unknown}
 A - 2 scrolls of summoning {unknown}
Potions
 c - a potion of curing {unknown}
 i - 2 potions of magic {unknown}
 j - 2 potions of invisibility {unknown}
 n - a potion of flight {unknown}
 o - 3 potions of might
 p - a potion of lignification {unknown}
 t - 2 potions of brilliance {unknown}
 w - 3 potions of mutation
 x - 2 potions of ambrosia {unknown}
 z - 3 potions of cancellation {unknown}
 B - 2 potions of haste {unknown}
 C - a potion of heal wounds {unknown}
 D - a potion of resistance {unknown}


   Skills:
 + Level 5.5 Fighting
 + Level 4.8 Short Blades
 + Level 4.8 Long Blades
 + Level 4.8 Axes
 + Level 4.8 Maces & Flails
 + Level 4.8 Polearms
 + Level 4.8 Staves
 + Level 4.8 Slings
 + Level 4.8 Bows
 + Level 4.8 Crossbows
 + Level 4.8 Throwing
 + Level 4.8 Armour
 + Level 6.7 Dodging
 + Level 4.8 Stealth
 + Level 4.8 Shields
 + Level 8.2 Unarmed Combat
 + Level 7.0 Spellcasting
 + Level 3.9 Conjurations
 + Level 3.9 Hexes
 + Level 3.9 Summonings
 + Level 3.9 Necromancy
 + Level 3.9 Translocations
 + Level 5.5 Transmutations
 + Level 3.9 Fire Magic
 + Level 3.9 Ice Magic
 + Level 3.9 Air Magic
 + Level 3.9 Earth Magic
 + Level 3.9 Poison Magic
 + Level 5.2 Invocations
 + Level 4.8 Evocations


You had 13 spell levels left.
You knew the following spells:

 Your Spells              Type           Power      Damage    Failure   Level
a - Beastly Appendage     Tmut           48%        N/A       1%          1
b - Wereblood             Tmut           24%        N/A       1%          2
c - Spider Form           Tmut/Pois      22%        N/A       4%          3
d - Ice Form              Ice/Tmut       22%        N/A       16%         4

Your spell library contained the following spells:

 Spells                   Type           Power      Damage    Failure   Level
 Petrify                  Tmut/Erth      22%        N/A       16%         4
 Metabolic Englaciation   Hex/Ice        9%         N/A       54%         5
 Statue Form              Tmut/Erth      14%        N/A       94%         6


Dungeon Overview and Level Annotations

Branches:
Dungeon (7/15)              Sewer (visited)
 Temple: D:4-7

Altars:
Ashenzari

Shops:
D:5 (


Innate Abilities, Weirdness & Mutations

You have very sharp teeth.
Your uncanny sense of smell can sniff out nearby items.
Your experience applies equally to all skills.
You have a pair of small antennae on your head.
Your body sometimes deteriorates upon taking damage.
You sometimes lose the ability to read scrolls when taking damage.


Message History

You hit the wight but do no damage.
The wight is heavily damaged.
The wight hits you with a +0 scimitar!
You feel drained.
You hit the wight but do no damage.
The wight is heavily damaged.
Your transformation has ended.
Your +0 cloak unmelds from your body.
Your +0 steam dragon scales unmelds from your body.
The wight misses you.
You hit the wight.
The wight is severely damaged.
You block the wight's attack.
You hit the wight but do no damage.
The wight is severely damaged.
You block the wight's attack.
You hit the wight but do no damage.
The wight is severely damaged.
You barely miss the wight.
The wight is severely damaged.
The wight closely misses you.
You hit the wight.
The wight is severely damaged.
The wight hits you with a +0 scimitar.
* * * LOW HITPOINT WARNING * * *
You feel drained.
* * * LOW HITPOINT WARNING * * *
You barely miss the wight. You bite the wight, but do no damage.
The wight is severely damaged.
The wight hits you with a +0 scimitar!
* * * LOW HITPOINT WARNING * * *
A wight comes into view. It is wielding a +5 flail.
It was a potion of mutation.
You feel extremely strange.
You feel yourself wasting away.
You lose the ability to read scrolls when threatened.
A pair of antennae grows on your head! The wight misses you.
A wight comes into view. It is wielding a +0 flail.
The wight hits you with a +5 flail!
You feel threatened and lose the ability to read scrolls!
You die...

#...............................
...#.#.#<#....#######..........(#
##.....#####.............#.......
###.........#######.....#....#.#
#.########## ...#.....#......# .
.. ####.##.##....#.##...# ..
........).............
#.#######)####.##.####..
#./....@..# #.#.... ..
###..z##z.# .#...# . ##...##..#
.# ∆ #...).)z.# #....##.#.....
#....##.#..... #....##.######
......##.. .......####


You could see 3 wights.

Vanquished Creatures
  Pikel (D:5)
  Grinder (D:4)
  Sigmund (D:3)
  A steam dragon (D:7)
  Edmund (D:3)
  2 water moccasins
  2 sky beasts
  A necrophage (D:5)
  4 ogres
  A centaur (D:7)
  A lemure (D:5)
  2 kobold brigands (Sewer)
  A bullfrog (D:7)
  2 scorpions
  A wyvern skeleton (D:6)
  5 wights (D:7)
  2 hounds (D:6)
  4 bullfrog skeletons
  2 jellies
  3 orc priests
  A centaur skeleton (D:6)
  3 iguanas
  3 orc wizards
  A hound skeleton (D:4)
  Robin (D:3)
  A gnoll (D:2)
  3 river rats (Sewer)
  6 adders
  A shadow imp (D:7)
  A white imp (D:4)
  An adder skeleton (D:5)
  A dart slug (D:3)
  12 orcs
  A bat (D:1)
  5 endoplasms
  4 giant cockroaches
  8 goblins
  12 hobgoblins
  6 jackals
  5 quokkas
  13 ball pythons
  2 frilled lizards (Sewer)
  25 kobolds
  28 rats
182 creatures vanquished.

Vanquished Creatures (others)
  A withered plant (D:1)
1 creature vanquished.

Grand Total: 183 creatures vanquished

Notes
Turn   | Place    | Note
-------+----------+-------------------------------------------
     0 | D:1      | Woods the Gnoll Transmuter began the quest for the Orb.
     0 | D:1      | Reached XP level 1. HP: 17/17 MP: 6/6
   208 | D:1      | Reached XP level 2. HP: 18/23 MP: 5/7
   357 | D:1      | Learned a level 2 spell: Wereblood
   383 | D:1      | Found a faded altar of an unknown god.
  1223 | D:2      | Reached skill level 5 in Spellcasting
  1223 | D:2      | Reached XP level 3. HP: 28/28 MP: 6/9
  1227 | D:2      | Learned a level 3 spell: Spider Form
  1660 | D:2      | Reached skill level 1 in Invocations
  1776 | D:2      | Reached skill level 1 in Short Blades
  1776 | D:2      | Reached skill level 1 in Long Blades
  1776 | D:2      | Reached skill level 1 in Axes
  1776 | D:2      | Reached skill level 1 in Maces & Flails
  1776 | D:2      | Reached skill level 1 in Polearms
  1776 | D:2      | Reached skill level 1 in Staves
  1776 | D:2      | Reached skill level 1 in Slings
  1776 | D:2      | Reached skill level 1 in Bows
  1776 | D:2      | Reached skill level 1 in Crossbows
  1776 | D:2      | Reached skill level 1 in Throwing
  1776 | D:2      | Reached skill level 1 in Armour
  1776 | D:2      | Reached skill level 1 in Stealth
  1776 | D:2      | Reached skill level 1 in Shields
  1776 | D:2      | Reached skill level 1 in Evocations
  1781 | D:2      | Reached XP level 4. HP: 28/34 MP: 11/11
  1840 | D:2      | Learned a level 4 spell: Ice Form
  1860 | D:3      | Noticed Robin
  2166 | D:3      | Reached skill level 1 in Conjurations
  2166 | D:3      | Reached skill level 1 in Hexes
  2166 | D:3      | Reached skill level 1 in Summonings
  2166 | D:3      | Reached skill level 1 in Necromancy
  2166 | D:3      | Reached skill level 1 in Translocations
  2166 | D:3      | Reached skill level 1 in Fire Magic
  2166 | D:3      | Reached skill level 1 in Ice Magic
  2166 | D:3      | Reached skill level 1 in Air Magic
  2166 | D:3      | Reached skill level 1 in Earth Magic
  2166 | D:3      | Reached skill level 1 in Poison Magic
  2184 | D:3      | Reached XP level 5. HP: 8/40 MP: 12/12
  2674 | D:3      | Noticed Sigmund
  2782 | D:3      | Killed Sigmund
  2783 | D:3      | Reached skill level 5 in Dodging
  2783 | D:3      | Reached XP level 6. HP: 31/47 MP: 11/14
  2924 | D:3      | Killed Robin
  3300 | D:4      | Noticed Grinder
  3303 | D:4      | Noticed a sky beast
  3319 | D:4      | Paralysed by Grinder for 6 turns
  3339 | D:4      | Killed Grinder
  3340 | D:4      | Reached skill level 7 in Unarmed Combat
  3340 | D:4      | Reached XP level 7. HP: 23/52 MP: 13/15
  4122 | D:4      | Noticed Edmund
  4203 | D:3      | Killed Edmund
  4547 | D:4      | Reached XP level 8. HP: 31/60 MP: 13/16
  5635 | D:5      | Entered Level 5 of the Dungeon
  5961 | D:5      | Found Omuceone's Weapon Boutique.
  6245 | D:5      | Noticed Pikel
  6266 | D:5      | Killed Pikel
  6267 | D:5      | Reached skill level 5 in Transmutations
  6267 | D:5      | Reached XP level 9. HP: 49/67 MP: 15/18
  6679 | D:6      | Found a glowing drain.
  6706 | Sewer    | Entered a sewer
  7202 | Sewer    | Reached skill level 5 in Fighting
  7699 | D:6      | Found a broken altar of Ashenzari.
  8284 | D:6      | Reached skill level 8 in Unarmed Combat
  8784 | D:7      | Reached skill level 5 in Invocations
  8879 | D:7      | Identified 3 scrolls of acquirement
  8882 | D:7      | Acquired a book of Sloth
  8884 | D:7      | Acquired 727 gold pieces
  8898 | D:7      | Noticed a hornet
  9501 | D:7      | Reached XP level 10. HP: 38/71 MP: 17/20
  9519 | D:7      | HP: 2/68 [wight (11)]
  9521 | D:7      | Gained mutation: Your body sometimes deteriorates upon
                  | taking damage. [potion of mutation]
  9521 | D:7      | Gained mutation: You sometimes lose the ability to read
                  | scrolls when taking damage. [potion of mutation]
  9521 | D:7      | Gained mutation: You have a pair of small antennae on your
                  | head. [potion of mutation]
  9524 | D:7      | Mangled by a wight

Illustrated notes

Levels and vault maps discovered:
D:1:      lightli_molten_gateway, layout_loops_ring,
          shapermc_ecumenical_altar_gd, minmay_pentomino_s2
D:2:      layout_rooms, cheibrodos_gnoll_hut
D:3:      layout_basic, chequers_serial_rivers_small_b, minmay_diced_spiral,
          uniq_sigmund, uniq_robin
D:4:      minmay_door_path, layout_loops_corners, uniq_grinder, uniq_edmund
D:5:      layout_loops_ring, nicolae_stop_n_shop_1, uniq_pikel
D:6:      layout_rooms, amcnicky_altar_gilded, cheibrodos_sewer_entry_drain
D:7:      layout_basic, grunt_temple_overflow_open, minmay_temple_entry_fiery

Skill      XL: |  1  2  3  4  5  6  7  8  9 |
---------------+----------------------------+-----
Spellcasting   | 5 6 7 |  7.0
Invocations    | 1 2 3 4 5 |  5.2
Short Blades   | 1 2 4 |  4.8
Long Blades    | 1 2 4 |  4.8
Axes           | 1 2 4 |  4.8
Maces & Flails | 1 2 4 |  4.8
Polearms       | 1 2 4 |  4.8
Staves         | 1 2 4 |  4.8
Slings         | 1 2 4 |  4.8
Bows           | 1 2 4 |  4.8
Crossbows      | 1 2 4 |  4.8
Throwing       | 1 2 4 |  4.8
Armour         | 1 2 4 |  4.8
Stealth        | 1 2 4 |  4.8
Shields        | 1 2 4 |  4.8
Evocations     | 1 2 4 |  4.8
Conjurations   | 1 2 3 |  3.9
Hexes          | 1 2 3 |  3.9
Summonings     | 1 2 3 |  3.9
Necromancy     | 1 2 3 |  3.9
Translocations | 1 2 3 |  3.9
Fire Magic     | 1 2 3 |  3.9
Ice Magic      | 1 2 3 |  3.9
Air Magic      | 1 2 3 |  3.9
Earth Magic    | 1 2 3 |  3.9
Poison Magic   | 1 2 3 |  3.9
Fighting       | 3 4 5 |  5.5
Dodging        | 5 6 |  6.7
Transmutations | 4 5 |  5.5
Unarmed Combat | 7 8 |  8.2

Action                   |  1- 3 |  4- 6 |  7- 9 | 10-12 || total
-------------------------+-------+-------+-------+-------++-------
Melee: Unarmed           |    85 |   108 |   366 |    12 ||   571
       Headbutt          |     6 |     3 |       |       ||     9
       Bite              |     9 |     4 |       |     1 ||    14
       Kick              |     6 |    12 |       |       ||    18
       Punch             |     3 |     2 |     2 |       ||     7
 Cast: Beastly Appendage |    19 |    13 |       |       ||    32
       Wereblood         |       |     2 |     4 |       ||     6
       Spider Form       |       |     7 |    52 |       ||    59
 Abil: End Transformatio |       |       |     1 |       ||     1
  Use: Scroll            |       |       |     9 |       ||     9
       Potion            |       |       |       |     1 ||     1
 Stab: Sleeping          |     3 |       |     9 |       ||    12
Armor: Robe              |    11 |     5 |     1 |       ||    17
       Skin              |       |     2 |    18 |       ||    20
Dodge: Dodged            |    57 |    55 |   297 |     6 ||   415
Block: Other             |       |       |    43 |     2 ||    45
       Reflection        |       |       |     1 |       ||     1

Table legend: (Time is in decaauts)
 A = Elapsed time spent in this place.
 B = Non-inter-level travel time spent in this place.
 C = Inter-level travel time spent in this place.
 D = Time resting spent in this place.
 E = Time spent auto-exploring this place.
 F = Levels seen in this place.
 G = Mean time per level.
                   A        B        C        D        E       F      G
               +--------+--------+--------+--------+--------+-----+--------+
         Total |   9479 |   9221 |    258 |   2246 |   5167 |   8 | 1184.9 |
       Dungeon |   8759 |   8501 |    258 |   2125 |   4850 |   7 | 1251.3 |
         Sewer |    720 |    720 |      0 |    121 |    316 |   1 |  720.0 |
               +--------+--------+--------+--------+--------+-----+--------+

Top non-repeatable levels by time:
     D:4: 2076 daAuts
     D:3: 1433 daAuts
     D:5: 1208 daAuts
     D:1: 1160 daAuts
     D:6: 1131 daAuts
     D:2: 938 daAuts
     D:7: 810 daAuts
   Sewer: 720 daAuts
